 Dungeon Crawl Stone Soup version 0.22.1-1-ga44c0e5 (webtiles) character file.

2399 vierth the Cleaver (level 9, -1/70 HPs)
             Began as a Minotaur Fighter on Oct 21, 2018.
             Was a Priest of Trog.
             Slain by a two-headed ogre
             ... wielding a +0 giant spiked club
              (5 damage)
             ... on level 8 of the Dungeon.
             The game lasted 00:17:21 (6775 turns).

vierth the Cleaver (Minotaur Fighter)               Turns: 6775, Time: 00:17:22

Health: -1/70      AC: 18    Str: 24    XL:     9   Next: 23%
Magic:  8/8        EV:  8    Int:  5    God:    Trog [***...]
Gold:   361        SH: 10    Dex: 10    Spells: 8/8 levels left

rFire    + + +     SeeInvis .   a - +1 war axe
rCold    . . .     Gourm    .   c - +0 shield
rNeg     + . .     Faith    .   G - +6 ring mail "Ostufim" {rPois rF+++ MR+ rCorr}
rPois    +         Spirit   .   (helmet restricted)
rElec    .         Reflect  .   q - +0 cloak
rCorr    +         Harm     .   (no gloves)
MR       +....                  D - +1 pair of boots
Stlth    ..........             (no amulet)
HPRegen  0.21/turn              n - +3 ring of protection
MPRegen  0.11/turn              l - ring of positive energy

@: no status effects
A: retaliatory headbutt, horns 2
a: Berserk, Trog's Hand, Renounce Religion


You were on level 8 of the Dungeon.
You worshipped Trog.
Trog was most pleased with you.
You were not hungry.

You visited 2 branches of the dungeon, and saw 9 of its levels.
You also visited: Sewer.

You collected 361 gold pieces.

Inventory:

Hand Weapons
 a - a +1 war axe (weapon)
 A - a +0 flail
Armour
 c - a +0 shield (worn)
 q - a +0 cloak (worn)
 D - a +1 pair of boots (worn)
 G - the +6 ring mail "Ostufim" (worn) {rPois rF+++ MR+ rCorr}
   (You found it on level 6 of the Dungeon)

   It renders you almost immune to fire.
   It protects you from poison.
   It affects your resistance to hostile enchantments.
   It provides partial protection from all sources of acid and corrosion.
Jewellery
 l - a ring of positive energy (right hand)
 n - a +3 ring of protection (left hand)
Wands
 t - a wand of polymorph (27)
 v - a wand of random effects (28)
Scrolls
 b - a scroll of fear
 e - 2 scrolls of remove curse
 g - 3 scrolls of teleportation
 j - 6 scrolls of identify
 o - 4 scrolls of enchant armour
 u - a scroll of enchant weapon
 y - a scroll of blinking
 C - a scroll of magic mapping
Potions
 d - 2 potions of might
 h - 4 potions of mutation
 i - a potion of magic {unknown}
 k - 3 potions of agility
 p - a potion of haste {unknown}
 s - 2 potions of flight {unknown}
 w - 3 potions of brilliance
 x - 4 potions of curing
 z - 2 potions of lignification {unknown}
 E - 2 potions of heal wounds
Comestibles
 f - 8 rations


   Skills:
 - Level 3.6 Fighting
 + Level 13.6 Axes
 - Level 3.6 Armour
 + Level 6.1 Shields


You had 8 spell levels left.
You didn't know any spells.
Your spell library was empty.

Dungeon Overview and Level Annotations

Branches:
Dungeon (8/15)             Temple (1/1) D:4
   Lair: D:8-11

Altars:
Cheibriados
Dithmenos
Elyvilon
Fedhas
Gozag
Hepliaklqana
Kikubaaqudgha
Makhleb
Nemelex Xobeh
Okawaru
Qazlal
Ru
Sif Muna
Trog
Uskayaw
Vehumet
Wu Jian
Xom
Yredelemnul
Zin
The Shining One

Shops:
D:7 !


Innate Abilities, Weirdness & Mutations

You reflexively headbutt those who attack you in melee.
You have a pair of horns on your head.


Message History

You are too injured to fight recklessly!
You are too injured to fight recklessly!
You barely miss the two-headed ogre.
The two-headed ogre is lightly wounded.
You closely miss the ogre. You block the gnoll's attack.
The ogre closely misses you.
You slash the two-headed ogre!
The two-headed ogre is moderately wounded.
You completely miss the ogre. The gnoll barely misses you.
The two-headed ogre hits you but does no damage.
The two-headed ogre hits you with an enchanted dire flail!
* * * LOW HITPOINT WARNING * * *
You completely miss the two-headed ogre.
The two-headed ogre is moderately wounded.
You barely miss the ogre. You block the ogre's attack.
The gnoll hits you but does no damage.
The two-headed ogre hits you with a giant spiked club!
* * * LOW HITPOINT WARNING * * *
The two-headed ogre hits you with an enchanted dire flail.
You die...

#########
........##
#####<.###...
####..)†........
#.....@Os.....##
.(...?))O).......
......g........##
...............#
...............#
.#......$......#
...............#
##...###.#####.#


You could see a two-headed ogre, an ogre, a scorpion and a gnoll.

Vanquished Creatures
  2 orc warriors (D:7)
  3 ogres
  2 ice beasts
  A centaur (D:6)
  3 bullfrogs
  A big kobold (D:7)
  4 scorpions
  A crimson imp (D:7)
  A bullfrog zombie (D:6)
  6 hounds
  4 orc priests
  2 orc wizards
  A bullfrog skeleton (D:4)
  An iguana (D:7)
  Terence (D:3)
  Jessica (D:3)
  Natasha (thrice) (D:3)
  7 worker ants
  12 gnolls
  6 river rats
  12 adders
  A shadow imp (D:7)
  An adder zombie (D:6)
  An adder skeleton (D:5)
  9 worms
  3 dart slugs
  4 leopard geckos
  28 orcs
  3 giant cockroaches
  5 goblins
  2 hobgoblins
  15 jackals
  6 quokkas
  5 ball pythons
  6 bats
  12 frilled lizards
  8 kobolds
  A leopard gecko skeleton (D:4)
  14 rats
198 creatures vanquished.

Notes
Turn   | Place    | Note
-------+----------+-------------------------------------------
     0 | D:1      | vierth the Minotaur Fighter began the quest for the Orb.
     0 | D:1      | Reached XP level 1. HP: 19/19 MP: 0/0
    37 | D:1      | Reached skill level 3 in Axes
   222 | D:1      | Reached XP level 2. HP: 26/26 MP: 1/1
   613 | D:1      | Reached skill level 4 in Axes
   660 | D:2      | Reached XP level 3. HP: 29/31 MP: 2/2
   987 | D:2      | Reached skill level 5 in Axes
  1000 | D:2      | Reached XP level 4. HP: 38/39 MP: 3/3
  1198 | D:3      | Reached skill level 6 in Axes
  1208 | D:3      | Found a sparkling altar of Nemelex Xobeh.
  1219 | D:3      | Noticed Natasha
  1219 | D:3      | Noticed Terence
  1226 | D:3      | Killed Natasha
  1227 | D:3      | Killed Terence
  1227 | D:3      | Reached XP level 5. HP: 27/45 MP: 4/4
  1374 | D:3      | Reached skill level 7 in Axes
  1380 | D:3      | Noticed Jessica
  1391 | D:3      | Killed Jessica
  1643 | D:3      | Noticed Natasha
  1648 | D:3      | Killed Natasha
  1724 | D:3      | Noticed Natasha
  1734 | D:3      | Killed Natasha
  1734 | D:3      | Reached XP level 6. HP: 43/51 MP: 5/5
  2242 | D:4      | Reached skill level 8 in Axes
  2313 | D:4      | Found a staircase to the Ecumenical Temple.
  2320 | Temple   | Entered the Ecumenical Temple
  2535 | Temple   | Became a worshipper of Trog the Wrathful
  2739 | D:4      | Reached skill level 9 in Axes
  2817 | D:4      | Reached XP level 7. HP: 46/57 MP: 6/6
  2855 | D:4      | Found a burning altar of Makhleb.
  3327 | D:5      | Entered Level 5 of the Dungeon
  3384 | D:5      | Got a brightly glowing scale mail
  3385 | D:5      | Identified the +3 scale mail of Vayplo {MP+9} (You found it
                  | on level 5 of the Dungeon)
  3686 | D:5      | Reached skill level 10 in Axes
  3744 | D:5      | Found a glowing golden altar of the Shining One.
  3764 | D:5      | Reached * piety under Trog
  4390 | D:6      | Reached skill level 11 in Axes
  4390 | D:6      | Reached XP level 8. HP: 58/64 MP: 7/7
  4578 | D:6      | Found a glowing drain.
  4585 | Sewer    | Entered a sewer
  4620 | Sewer    | Reached ** piety under Trog
  4670 | Sewer    | Reached skill level 12 in Axes
  5223 | D:6      | Got a warped ring mail
  5224 | D:6      | Identified the +6 ring mail "Ostufim" {rPois rF+++ MR+
                  | rCorr} (You found it on level 6 of the Dungeon)
  5551 | D:6      | Found a basalt altar of Yredelemnul.
  5845 | D:7      | Reached skill level 13 in Axes
  5978 | D:7      | Reached skill level 5 in Shields
  5978 | D:7      | Reached XP level 9. HP: 38/70 MP: 8/8
  5978 | D:7      | Reached *** piety under Trog
  6255 | D:7      | Found a shimmering altar of Xom.
  6412 | D:7      | Found Iplaeb's Distillery.
  6763 | D:8      | Noticed a two-headed ogre
  6775 | D:8      | Slain by a two-headed ogre

Skill      XL: |  1  2  3  4  5  6  7  8  9 |
---------------+----------------------------+-----
Axes           | 3 4 5 6 7 9 11 13 | 13.6
Shields        | 5 6 |  6.1
Fighting       | |  3.6
Armour         | |  3.6

Action                   |  1- 3 |  4- 6 |  7- 9 || total
-------------------------+-------+-------+-------++-------
Melee: War axe           |    81 |   130 |   390 ||   601
       Headbutt          |    11 |    16 |    55 ||    82
  Use: Scroll            |       |     2 |    17 ||    19
  Eat: Ration            |       |     1 |     1 ||     2
       Chunk             |       |     3 |    11 ||    14
Armor: Scale mail        |    43 |    52 |    88 ||   183
       Ring mail         |       |       |    59 ||    59
Dodge: Dodged            |    23 |    40 |   101 ||   164
Block: Shield            |    52 |    62 |   181 ||   295
